 Dungeon Crawl Stone Soup version 0.25-a0-403-g49d089a364 (webtiles) character file.

Game seed: 1715812629528904654, levelgen mode: deterministic

5970 ytaras the Fighter (level 10, -3/101 HPs)
             Began as a Minotaur Berserker on Jan 8, 2020.
             Was a High Priest of Trog.
             Slain by a two-headed ogre
             ... wielding a cursed +0 giant club
              (12 damage)
             ... on level 11 of the Dungeon on Jan 9, 2020.
             The game lasted 01:30:44 (9670 turns).

ytaras the Fighter (Minotaur Berserker)             Turns: 9670, Time: 01:30:45

Health: -3/101     AC: 13    Str: 23    XL:     10   Next: 55%
Magic:  9/9        EV:  4    Int:  4    God:    Trog [*****.]
Gold:   486        SH: 12    Dex: 12    Spells: 9/9 levels left

rFire    . . .     SeeInvis .   o - +4 hand axe
rCold    . . .     Gourm    .   D - +0 shield
rNeg     . . .     Faith    .   G - +0 plate armour
rPois    .         Spirit   .   (helmet restricted)
rElec    .         Reflect  +   i - +0 cloak
rCorr    .         Harm     .   (no gloves)
MR       .....                  I - +0 pair of boots
Stlth    ..........             d - +4 amulet of reflection
HPRegen  0.26/turn              (no ring)
MPRegen  0.11/turn              (no ring)

@: about to teleport
A: retaliatory headbutt, horns 2
a: Berserk, Trog's Hand, Brothers in Arms, Renounce Religion


You were on level 11 of the Dungeon.
You worshipped Trog.
Trog was extremely pleased with you.
You were hungry.

You visited 4 branches of the dungeon, and saw 14 of its levels.

You collected 596 gold pieces.
You spent 110 gold pieces at shops.

Inventory:

Hand Weapons
 g - a +0 halberd of venom
 o - a +4 hand axe (weapon)
 u - a +0 hunting sling
 F - a +0 war axe
Missiles
 f - 213 stones
 m - 78 sling bullets
 w - 3 boomerangs (quivered)
Armour
 i - a +0 cloak (worn)
 D - a +0 shield (worn)
 G - a +0 plate armour (worn)
 I - a +0 pair of boots (worn)
Jewellery
 b - an uncursed amulet of faith
 d - a +4 amulet of reflection (around neck)
 x - an uncursed amulet of faith
 H - an uncursed amulet of faith
Wands
 a - a wand of clouds (2)
 K - a wand of digging (6)
 L - a wand of scattershot (6)
Scrolls
 h - 10 scrolls of identify
 j - 6 scrolls of teleportation
 k - 4 scrolls of remove curse
 l - 3 scrolls of magic mapping
 q - a scroll of noise {unknown}
 t - a scroll of enchant weapon {unknown}
 v - a scroll of amnesia {unknown}
 y - 2 scrolls of fog
 B - a scroll of fear
 J - a scroll of immolation {unknown}
 M - a scroll of random uselessness {unknown}
Potions
 e - 3 potions of mutation
 n - a potion of cancellation {unknown}
 p - 6 potions of resistance
 r - a potion of flight {unknown}
 s - a potion of degeneration {unknown}
 z - 2 potions of invisibility
 A - a potion of brilliance {unknown}
Comestibles
 c - 19 rations


   Skills:
 * Level 13.3 Fighting
 * Level 13.3 Axes
 + Level 2.8 Armour
 - Level 2.4 Dodging
 + Level 0.6 Shields


You had 9 spell levels left.
You didn't know any spells.
Your spell library was empty.

Dungeon Overview and Level Annotations

Branches:
Dungeon (11/15)            Temple (1/1) D:7            Lair (1/6) D:8
    Orc (1/2) D:9

Altars:
Elyvilon
Gozag
Qazlal
Uskayaw
Vehumet
Wu Jian
Beogh

Shops:
D:4 (?

Annotations:
D:6 Grinder


Innate Abilities, Weirdness & Mutations

You reflexively headbutt those who attack you in melee.
You have a pair of horns on your head.


Message History

The manticore claws you but does no damage.
The manticore claws you.
* * * LOW HITPOINT WARNING * * *
All of the chunks of flesh in your inventory have rotted away.
As you read the scroll of teleportation, it crumbles to dust.
You feel strangely unstable.
The two-headed ogre hits you with a cursed +0 giant club!
* * * LOW HITPOINT WARNING * * *
You block the two-headed ogre's attack.
The manticore bites you but does no damage.
You block the manticore's attack.
The manticore claws you but does no damage.
You feel better. The manticore bites you!
* * * LOW HITPOINT WARNING * * *
The manticore claws you but does no damage.
The manticore claws you.
* * * LOW HITPOINT WARNING * * *
You block the two-headed ogre's attack.
The two-headed ogre hits you with a +0 giant spiked club!
You die...

.# #. .. ... #+##.# #.#
############........
#..........#..#.#.#.#
#..........#.ZT...>.
###..........#.O#H#.#.#
.............#..@....#
.##.........##.....#.#
.##.........##.....#
...................#
...................#
###.........##.....#
..#.........##.....#
..'.........##.....#
..#.........##.....#


You could see a two-headed ogre, a manticore and a bullfrog skeleton.

Vanquished Creatures
  Pikel (D:6)
  A spriggan (D:7)
  5 yaks (D:11)
  A hungry ghost (D:10)
  A soldier ant (D:10)
  2 water moccasins (D:8)
  An ice beast (D:10)
  4 orc warriors
  3 black bears
  3 sky beasts
  2 slaves (D:6)
  A phantom (D:5)
  4 ogres
  3 centaurs
  A big kobold (D:11)
  7 bullfrogs
  A water moccasin zombie (D:7)
  A wyvern skeleton (D:8)
  4 scorpions
  10 wights
  2 crimson imps
  A centaur zombie (D:8)
  2 jellies
  A bullfrog zombie (D:10)
  4 orc priests
  A centaur skeleton (D:6)
  A bullfrog skeleton (D:5)
  4 hounds
  4 orc wizards
  Natasha (thrice) (D:3)
  2 iguanas
  6 worker ants
  A hound zombie (D:10)
  A worker ant zombie (D:8)
  Robin (D:2)
  4 gnolls (D:8)
  15 adders
  2 shadow imps
  2 oozes (D:1)
  An adder zombie (D:6)
  2 adder skeletons
  4 worms
  5 dart slugs
  3 leopard geckos
  23 orcs
  2 bats
  7 giant cockroaches
  15 goblins
  9 hobgoblins
  21 jackals
  11 kobolds
  6 quokkas
  A ball python (D:4)
  5 frilled lizards
  A jackal zombie (D:6)
  A quokka zombie (D:5)
  6 rats
236 creatures vanquished.

Vanquished Creatures (others)
  A slave (D:6)
1 creature vanquished.

Grand Total: 237 creatures vanquished

Notes
Turn   | Place    | Note
-------+----------+-------------------------------------------
     0 | D:1      | ytaras the Minotaur Berserker began the quest for the Orb.
     0 | D:1      | Reached XP level 1. HP: 19/19 MP: 0/0
    63 | D:1      | Reached XP level 2. HP: 17/27 MP: 1/1
   502 | D:1      | Reached XP level 3. HP: 34/34 MP: 2/2
   595 | D:1      | Upgraded the game from 0.25-a0-398-g1920f1ac21 to
                  | 0.25-a0-403-g49d089a364
  1146 | D:2      | Noticed Robin
  1161 | D:2      | Reached XP level 4. HP: 41/41 MP: 3/3
  1166 | D:2      | Reached ** piety under Trog
  1171 | D:2      | Killed Robin
  1171 | D:2      | Reached skill level 5 in Fighting
  1384 | D:2      | Reached skill level 5 in Axes
  1480 | D:2      | Found a radiant altar of Vehumet.
  1480 | D:2      | Found an ornate altar of the Wu Jian Council.
  1935 | D:3      | Noticed Natasha
  1944 | D:3      | Killed Natasha
  1946 | D:3      | Noticed Natasha
  1951 | D:3      | Killed Natasha
  1951 | D:3      | Reached XP level 5. HP: 48/48 MP: 4/4
  2054 | D:3      | Noticed Natasha
  2065 | D:3      | Killed Natasha
  2712 | D:3      | Reached *** piety under Trog
  2716 | D:4      | Reached XP level 6. HP: 57/57 MP: 5/5
  2792 | D:5      | Entered Level 5 of the Dungeon
  2894 | D:5      | Reached XP level 7. HP: 44/66 MP: 6/6
  2912 | D:4      | Found Osidim's Magic Scroll Boutique.
  2917 | D:4      | Bought a scroll of remove curse for 33 gold pieces
  2917 | D:4      | Bought a scroll of teleportation for 33 gold pieces
  2917 | D:4      | Bought a scroll of identify for 22 gold pieces
  2917 | D:4      | Bought a scroll of fog for 22 gold pieces
  2969 | D:4      | Found Bil Rirgh's Antique Weapon Emporium.
  4244 | D:5      | Found a white marble altar of Elyvilon.
  4955 | D:6      | You fall into a shaft and drop 2 floors!
  5019 | D:8      | Reached XP level 8. HP: 75/75 MP: 7/7
  5137 | D:8      | Reached **** piety under Trog
  5214 | D:6      | Noticed Pikel
  5214 | D:6      | Noticed Grinder
  5214 | D:6      | Paralysed by Grinder for 5 turns
  5507 | D:6      | Killed Pikel
  5507 | D:6      | Reached skill level 10 in Fighting
  5507 | D:6      | Reached skill level 10 in Axes
  5507 | D:6      | Reached XP level 9. HP: 86/86 MP: 8/8
  5690 | D:7      | Found an opulent altar of Gozag.
  5910 | D:7      | Found a stormy altar of Qazlal.
  6128 | D:7      | Found a staircase to the Ecumenical Temple.
  6137 | Temple   | Entered the Ecumenical Temple
  6723 | D:8      | Found a staircase to the Lair.
  6732 | Lair:1   | Entered Level 1 of the Lair of Beasts
  7096 | D:9      | Found a staircase to the Orcish Mines.
  7413 | D:9      | Found a hide-covered altar of Uskayaw.
  7532 | D:10     | Entered Level 10 of the Dungeon
  7709 | D:9      | HP: 4/90 [poisoned by an orc warrior]
  8359 | D:9      | Found a roughly hewn altar of Beogh.
  8379 | Orc:1    | Entered Level 1 of the Orcish Mines
  8379 | Orc:1    | Noticed an orc sorcerer
  8723 | D:10     | Reached XP level 10. HP: 68/99 MP: 9/9
  9413 | D:11     | Reached ***** piety under Trog
  9413 | D:11     | Received a gift from Trog
  9657 | D:11     | Noticed a manticore
  9660 | D:11     | Noticed a two-headed ogre
  9670 | D:11     | Slain by a two-headed ogre

Levels and vault maps discovered:
D:1:      minmay_arrival_semitransparent, layout_basic
D:2:      layout_basic, grunt_temple_overflow_open, uniq_robin
D:3:      layout_rooms, uniq_natasha
D:4:      layout_layer_cave, serial_shops, shop, shop, minmay_misc_feat_roman
D:5:      layout_basic, kennysheep_mini, gup_sewer_entry_glass, first_ration
D:6:      layout_loops_cross, kennysheep_mini_moat, uniq_grinder, uniq_duvessa,
          uniq_sigmund, uniq_pikel
D:7:      layout_cave_pools, old_standard_altar, minmay_temple_entry_poolview,
          basic_altar, the_bakery
D:8:      layout_basic, lair_entry_dummy
D:9:      layout_loops_ring, nicolae_overflow_crystal_walls,
          minmay_orc_entry_temple_small
D:10:     layout_loops_cross
D:11:     layout_stronghold, st_stairs_9, uniq_grum
Temple:   nicolae_temple_elliptical
Lair:1:   layout_layer_cave, grunt_megastairs_4
Orc:1:    giant_chief_lemuel, layout_diamond_mine,
          portal_ice_cave_entry_pillars_1, uniq_sonja

Skill      XL: |  1  2  3  4  5  6  7  8  9 10 |
---------------+-------------------------------+-----
Fighting       | 4 5 6 7 8 10 12 13 | 13.3
Axes           | 4 5 6 7 8 10 12 13 | 13.3
Armour         | |  2.8
Dodging        | |  2.4
Shields        | |  0.6

Action                   |  1- 3 |  4- 6 |  7- 9 | 10-12 || total
-------------------------+-------+-------+-------+-------++-------
Melee: Hand axe          |    66 |    96 |    66 |    50 ||   278
       Headbutt          |    14 |    20 |    64 |    23 ||   121
       War axe           |       |       |   259 |    57 ||   316
 Fire: Hunting sling     |       |       |    10 |       ||    10
Throw: Stone             |     7 |    52 |    49 |       ||   108
       Boomerang         |       |       |    13 |    23 ||    36
Invok: Berserk           |     3 |     5 |    13 |     2 ||    23
       Trog's Hand       |       |     1 |     3 |       ||     4
  Use: Scroll            |       |       |    15 |     1 ||    16
       Potion            |       |       |     5 |     1 ||     6
  Eat: Chunk             |     2 |     8 |    24 |     5 ||    39
       Ration            |       |     1 |     2 |       ||     3
Armor: Animal skin       |     3 |       |       |       ||     3
       Ring mail         |     9 |    40 |     4 |       ||    53
       Chain mail        |       |       |    18 |       ||    18
       Plate armour      |       |       |   124 |    37 ||   161
Dodge: Dodged            |    39 |    42 |    67 |    11 ||   159
Block: Shield            |       |       |   125 |    48 ||   173

Table legend:
 A = Non-vault XP
 B = Vault XP
 C = Vault XP percentage of total XP
 D = Non-vault monster count
 E = Vault monster count
 F = Vault count percentage of total count
                 A         B        C        D         E       F
            +---------+---------+-------+---------+---------+-------
      Total |    7268 |    1261 |  14.8 |     207 |      27 |  11.5
            +---------+---------+-------+---------+---------+-------
        D:1 |      63 |       0 |   0.0 |      19 |       0 |   0.0
        D:2 |      38 |      34 |  47.2 |      10 |      11 |  52.4
        D:3 |     191 |      37 |  16.2 |      35 |       1 |   2.8
        D:4 |     232 |       0 |   0.0 |      14 |       0 |   0.0
        D:5 |     347 |      54 |  13.5 |      11 |       5 |  31.2
        D:6 |     548 |     641 |  53.9 |      16 |       1 |   5.9
        D:7 |     487 |     224 |  31.5 |       9 |       1 |  10.0
        D:8 |    1372 |       0 |   0.0 |      27 |       0 |   0.0
        D:9 |     531 |     271 |  33.8 |      16 |       8 |  33.3
       D:10 |    1585 |       0 |   0.0 |      27 |       0 |   0.0
       D:11 |    1874 |       0 |   0.0 |      23 |       0 |   0.0
            +---------+---------+-------+---------+---------+-------
